[Event "24th Hoogeschool Zeeland 2022"]
[Site "Vlissingen"]
[Date "2022.08.08"]
[Round "4.18"]
[White "Manukonda Arun"]
[Black "Bezemer, Arno"]
[Result "0-1"]
[ECO "D41"]
[WhiteElo "2021"]
[BlackElo "2278"]
[Annotator "RC"]
[PlyCount "78"]
[EventDate "2022.08.05"]
[EventType "swiss"]
[EventCountry "NED"]
[SourceTitle "playchess.com"]
[Source "ChessBase"]
[SourceQuality "1"]
[TimeControl "40/5400+30:1800+30"]

1. d4 Nf6 2. c4 e6 3. Nf3 d5 4. Nc3 c5 5. cxd5 Nxd5 6. e4 Nxc3 7. bxc3 cxd4 8. cxd4 Bb4+ 9. Bd2 Bxd2+ 10. Qxd2 O-O 11. Be2 Nd7 12. O-O b6 13. e5 Bb7 14. Rad1 Rc8 15. Qf4 h6 16. Nd2 Qg5 17. Qxg5 hxg5 18. Bb5 Rc7 19. Nc4 a6 20. Bxd7 Rxc4 21. Rc1 Rxd4 22. Rc7 Bd5 23. a4 Rd8 24. h3 Bxg2 25. Kxg2 R8xd7 26. Rxd7 Rxd7 27. Rb1 Rd4 28. Rxb6 Rxa4 29. Kf3 Kh7 30. Rb7 Kg6 31. Ra7 Ra3+ 32. Ke4 a5 33. f3 a4 34. Ra6 Ra1 35. Ke3 a3 36. Kf2 Kf5 37. Ra5 Kf4 38. Ra7 Kxe5 39. Ke2 a2 0-1

[Event "24th Hoogeschool Zeeland 2022"]
[Site "Vlissingen"]
[Date "2022.08.08"]
[Round "4.19"]
[White "Ollenberger, Roland"]
[Black "Pijpers, Peter"]
[Result "1-0"]
[ECO "C27"]
[WhiteElo "2264"]
[BlackElo "2026"]
[Annotator "RC"]
[PlyCount "79"]
[EventDate "2022.08.05"]
[EventType "swiss"]
[EventCountry "NED"]
[SourceTitle "playchess.com"]
[Source "ChessBase"]
[SourceQuality "1"]
[TimeControl "40/5400+30:1800+30"]

1. e4 e5 2. Nf3 Nf6 3. Nc3 Bc5 4. Bc4 d6 5. d3 Be6 6. Bxe6 fxe6 7. Na4 Nbd7 8. Nxc5 Nxc5 9. Be3 Ncd7 10. c3 Qe7 11. Qb3 b6 12. Qc4 c5 13. O-O h6 14. Rad1 Ng4 15. d4 O-O 16. dxc5 bxc5 17. Rfe1 Nxe3 18. Rxe3 Nf6 19. Qa6 Rad8 20. h3 Rd7 21. Qe2 Nh5 22. g3 Qf6 23. Nh2 Qg6 24. Qg4 Qf7 25. Rd2 Nf6 26. Qe2 h5 27. c4 Qg6 28. h4 Ne8 29. Rf3 Nf6 30. Re3 Ne8 31. Kg2 Rdf7 32. f3 Qh6 33. Ra3 g5 34. Qe3 Rg7 35. hxg5 Rxg5 36. Nf1 Rf7 37. Kg1 Rxg3+ 38. Nxg3 Qxe3+ 39. Rxe3 Rg7 40. Rg2 1-0

[Event "24th Hoogeschool Zeeland 2022"]
[Site "Vlissingen"]
[Date "2022.08.08"]
[Round "4.20"]
[White "Lacrosse, Marc"]
[Black "Lammens, Tim"]
[Result "1-0"]
[ECO "D36"]
[WhiteElo "2003"]
[BlackElo "2255"]
[Annotator "RC"]
[PlyCount "95"]
[EventDate "2022.08.05"]
[EventType "swiss"]
[EventCountry "NED"]
[SourceTitle "playchess.com"]
[Source "ChessBase"]
[SourceQuality "1"]
[TimeControl "40/5400+30:1800+30"]

1. d4 Nf6 2. c4 e6 3. Nf3 d5 4. Nc3 Be7 5. Bg5 Nbd7 6. e3 h6 7. Bh4 O-O 8. cxd5 exd5 9. Bd3 c6 10. Qc2 Re8 11. O-O Ne4 12. Bxe7 Qxe7 13. b4 Ndf6 14. b5 cxb5 15. Nxb5 Bg4 16. Ne5 Rac8 17. Qb2 a6 18. Bxe4 dxe4 19. Nc3 Be6 20. Rac1 b5 21. Rc2 Bc4 22. Rfc1 Bd3 23. Nd5 Nxd5 24. Rxc8 Rxc8 25. Rxc8+ Kh7 26. Rc5 Nb6 27. Nxd3 exd3 28. Qb1 Qe4 29. Rc3 Nd5 30. Rb3 f5 31. Qxd3 Qe6 32. Rb1 b4 33. Rc1 Nc3 34. a3 a5 35. axb4 axb4 36. Rxc3 bxc3 37. Qxc3 Qe4 38. f3 Qb1+ 39. Kf2 Qa2+ 40. Kg3 Qe2 41. h4 Kg6 42. d5 Kh5 43. d6 g5 44. hxg5 hxg5 45. d7 f4+ 46. exf4 gxf4+ 47. Kxf4 Qe7 48. Qe5+ 1-0

[Event "24th Hoogeschool Zeeland 2022"]
[Site "Vlissingen"]
[Date "2022.08.08"]
[Round "4.21"]
[White "Van Baar, Esper"]
[Black "Ackermann, Frank"]
[Result "1/2-1/2"]
[ECO "B51"]
[WhiteElo "2281"]
[BlackElo "2012"]
[Annotator "RC"]
[PlyCount "54"]
[EventDate "2022.08.05"]
[EventType "swiss"]
[EventCountry "NED"]
[SourceTitle "playchess.com"]
[Source "ChessBase"]
[SourceQuality "1"]
[TimeControl "40/5400+30:1800+30"]

1. e4 c5 2. Nf3 d6 3. Bb5+ Nd7 4. a4 a6 5. Be2 b6 6. d4 cxd4 7. Qxd4 Bb7 8. O-O Ngf6 9. Nc3 e5 10. Qe3 Qc7 11. Nd2 Be7 12. Rd1 d5 13. exd5 Nxd5 14. Nxd5 Bxd5 15. c4 Be6 16. b3 O-O 17. Ne4 Rad8 18. Bb2 f6 19. Nc3 Bc5 20. Qg3 Nb8 21. Nd5 Qf7 22. Bf3 Nc6 23. Nxb6 Nb4 24. a5 Nd3 25. Rd2 Nxb2 26. Rxb2 Bd4 27. Raa2 Bxb2 1/2-1/2

[Event "24th Hoogeschool Zeeland 2022"]
[Site "Vlissingen"]
[Date "2022.08.08"]
[Round "4.22"]
[White "Laux, Dominik"]
[Black "De Wolf, Johan"]
[Result "1-0"]
[ECO "B01"]
[WhiteElo "2320"]
[BlackElo "2010"]
[Annotator "RC"]
[PlyCount "69"]
[EventDate "2022.08.05"]
[EventType "swiss"]
[EventCountry "NED"]
[SourceTitle "playchess.com"]
[Source "ChessBase"]
[SourceQuality "1"]
[TimeControl "40/5400+30:1800+30"]

1. e4 d5 2. exd5 Nf6 3. d4 Nxd5 4. c4 Nb6 5. Nf3 Bg4 6. c5 N6d7 7. Bc4 e6 8. Nc3 Be7 9. h3 Bxf3 10. Qxf3 Nc6 11. Be3 O-O 12. O-O-O Bg5 13. Bb5 Bxe3+ 14. fxe3 Nb4 15. Bxd7 Qxd7 16. Qxb7 Rab8 17. Qf3 c6 18. e4 f5 19. Rhe1 Qb7 20. Rd2 fxe4 21. Qxe4 Rf6 22. Qe2 Nd5 23. Ne4 Rg6 24. Rf1 Qb4 25. Rf3 Qa5 26. Nd6 Qc7 27. Qe4 a5 28. Rdf2 Qe7 29. h4 a4 30. a3 Rh6 31. g3 Rg6 32. Kc2 Rf6 33. Rxf6 gxf6 34. Re2 e5 35. dxe5 1-0

[Event "24th Hoogeschool Zeeland 2022"]
[Site "Vlissingen"]
[Date "2022.08.08"]
[Round "4.23"]
[White "Bruil, Rembrandt"]
[Black "Smeets, Kobe"]
[Result "1-0"]
[ECO "E01"]
[WhiteElo "2204"]
[BlackElo "1963"]
[Annotator "RC"]
[PlyCount "65"]
[EventDate "2022.08.05"]
[EventType "swiss"]
[EventCountry "NED"]
[SourceTitle "playchess.com"]
[Source "ChessBase"]
[SourceQuality "1"]
[TimeControl "40/5400+30:1800+30"]

1. d4 d5 2. c4 e6 3. Nf3 c6 4. Nbd2 Nf6 5. g3 Nbd7 6. Bg2 Bd6 7. O-O O-O 8. Qc2 Re8 9. Rd1 Qe7 10. b3 b6 11. e4 Nxe4 12. Nxe4 dxe4 13. Qxe4 Bb7 14. Bf4 Bxf4 15. Qxf4 Nf6 16. Ne5 Rac8 17. Rd3 Red8 18. Rad1 h6 19. h4 c5 20. Bxb7 Qxb7 21. dxc5 Rxd3 22. Rxd3 bxc5 23. g4 Qc7 24. g5 hxg5 25. hxg5 Ng4 26. Qxg4 Qxe5 27. Re3 Qa1+ 28. Kg2 Rd8 29. g6 f5 30. Qh4 Rd1 31. Qh2 Qf6 32. Rxe6 Qg5+ 33. Qg3 1-0

[Event "24th Hoogeschool Zeeland 2022"]
[Site "Vlissingen"]
[Date "2022.08.08"]
[Round "4.24"]
[White "De Boer, Robert"]
[Black "Lefebvre, Herve"]
[Result "0-1"]
[ECO "B13"]
[WhiteElo "2005"]
[BlackElo "2212"]
[Annotator "RC"]
[PlyCount "50"]
[EventDate "2022.08.05"]
[EventType "swiss"]
[EventCountry "NED"]
[SourceTitle "playchess.com"]
[Source "ChessBase"]
[SourceQuality "1"]
[TimeControl "40/5400+30:1800+30"]

1. e4 c6 2. d4 d5 3. exd5 cxd5 4. c4 Nf6 5. Nc3 Nc6 6. Nf3 Bg4 7. Be2 e6 8. O-O Be7 9. Bf4 dxc4 10. Bxc4 O-O 11. Be3 Rc8 12. a3 Bxf3 13. gxf3 Qa5 14. Bb5 a6 15. Bxc6 Rxc6 16. Ne4 Qh5 17. Ng3 Qh3 18. Qe2 Qh4 19. Rfc1 Rfc8 20. Qd2 Nd5 21. Rxc6 Rxc6 22. Rc1 f5 23. Rxc6 bxc6 24. f4 g5 25. Ne2 Bd6 0-1

[Event "24th Hoogeschool Zeeland 2022"]
[Site "Vlissingen"]
[Date "2022.08.09"]
[Round "5.1"]
[White "Van den Doel, Erik"]
[Black "Santiago, Yago De Moura"]
[Result "1/2-1/2"]
[ECO "D02"]
[WhiteElo "2589"]
[BlackElo "2513"]
[Annotator "TA"]
[PlyCount "93"]
[EventDate "2022.08.05"]
[EventType "swiss"]
[EventCountry "NED"]
[SourceTitle "playchess.com"]
[Source "ChessBase"]
[SourceQuality "1"]
[TimeControl "40/5400+30:1800+30"]

1. d4 Nf6 2. Nf3 g6 3. Nbd2 d5 4. e3 Bg7 5. b4 a5 6. b5 {[%emt 0:02:27] D02: 1 d4 d5 2 Nf3 sidelines, including 2...Nf6 3 g3 and 2...Nf6 3 Bf4.} c5 7. bxc6 Nxc6 $1 {[%emt 0:00:08] The main line 7...Nxc6 scores better than 7...bxc6.} 8. Be2 Bf5 9. O-O O-O 10. c3 {[%emt 0:08:04] Inhibits Nb4.} Qc7 {[%emt 0:04:07] [#]} 11. Ba3 $146 ({Predecessor:} 11. a4 e5 12. Ba3 Rfc8 13. Rc1 e4 14. Nh4 Be6 15. g3 g5 16. Ng2 Qd7 17. f3 exf3 18. Bxf3 {½-½ (25) Aronian,L (2765)-Vachier Lagrave,M (2778) Saint Louis 2019}) 11... Rfb8 12. c4 e5 13. Nxe5 Nxe5 14. dxe5 Qxe5 15. Nf3 Qc3 16. Bd6 Rd8 ({Resist} 16... dxc4 17. Rc1 Qb2 18. Bxb8 (18. Bxc4 Rd8 $14) 18... Rxb8 19. Nd4 $16 (19. Bxc4 b5 $16) (19. Rxc4 Qxa2 20. Nd4 Bd7 $16)) 17. Rc1 Qb2 18. Be5 Qxa2 {[%emt 0:05:21] White must now prevent ...dxc4.} 19. Nd4 dxc4 20. Rxc4 (20. Bxc4 $11 Qa3 21. Qf3) 20... Qa3 ({Better is} 20... a4 21. Rc7 Be6) 21. Qe1 (21. Bf3 $142) 21... Qe7 $17 22. Bc7 Rd5 (22... Rdc8 $17 23. Nxf5 (23. Bxa5 $2 Rxc4 24. Nxf5 gxf5 $19) 23... gxf5) 23. Nxf5 $19 Rxf5 24. Qc1 a4 ({Black should try} 24... b5 $19 25. Rc6 Ne4) 25. Bb6 $17 {[%emt 0:03:02] [#]} a3 ({Black should play} 25... Nd7 $1 $17 26. Rc8+ Rxc8 27. Qxc8+ Nf8) 26. Bc5 $15 {[%emt 0:00:51] [#]} Rxc5 27. Rxc5 a2 (27... Qe8 $15 28. Bb5 Qf8) 28. Rc8+ $11 {[%emt 0:00:36] The position is equal.} Rxc8 29. Qxc8+ Ne8 30. Bb5 a1=Q 31. Rxa1 Bxa1 32. Bxe8 {[%emt 0:00:26][%mdl 4096] Endgame KQB-KQB} Kg7 33. g3 (33. Bb5 {is interesting.} Qb4 34. Qe8 Qb1+ 35. Bf1) 33... Be5 34. Bd7 Qb4 35. Bg4 b5 36. Bf3 Qe7 37. Qc6 b4 38. Qc4 Bc3 39. Bd5 Qf6 40. Kg2 Be1 41. Qe2 Bc3 42. h4 h5 43. e4 Bd4 44. f4 Ba7 45. e5 Qb6 46. e6 {[%emt 0:02:21] Active counter play!} fxe6 47. Qxe6 {[%emt 0:00:32] Weighted Error Value: White=0.10 (very precise) /Black=0.09 (flawless)} 1/2-1/2

[Event "24th Hoogeschool Zeeland 2022"]
[Site "Vlissingen"]
[Date "2022.08.09"]
[Round "5.2"]
[White "Ikonnikov, Vyacheslav"]
[Black "Lalith Babu M R"]
[Result "1/2-1/2"]
[ECO "E15"]
[WhiteElo "2493"]
[BlackElo "2549"]
[Annotator "TA"]
[PlyCount "73"]
[EventDate "2022.08.05"]
[EventType "swiss"]
[EventCountry "NED"]
[SourceTitle "playchess.com"]
[Source "ChessBase"]
[SourceQuality "1"]
[TimeControl "40/5400+30:1800+30"]

1. d4 Nf6 2. Nf3 e6 3. c4 b6 4. g3 Ba6 5. b3 Bb4+ 6. Bd2 Be7 7. Bg2 O-O 8. O-O d5 9. cxd5 exd5 10. Nc3 Re8 11. Re1 {[%emt 0:05:43] E15: Queen's Indian: 4 g3 sidelines, 4 g3 Ba6 and 4 g3 Bb7 early deviations.} Nbd7 $1 {[%emt 0:01:57][%mdl 4] now scores much better than the old 11...Bb7.} 12. Nh4 Bb7 13. Nf5 Bf8 {[%emt 0:13:57] [#]} 14. a3 $146 ({Predecessor:} 14. Ne3 c6 15. Qc2 g6 16. Rad1 a5 17. Nf1 b5 18. Bg5 h6 19. Bf4 Rc8 20. h3 {0-1 (35) Xu,Y (2381)-Wei,Y (2629) China 2014}) 14... Ne4 15. Nxe4 dxe4 16. Qc2 Nf6 17. Qb2 Qd7 18. Ne3 Rad8 19. Bc3 Nd5 20. Nxd5 Bxd5 21. Bd2 Bd6 22. b4 h5 23. Qc1 Qf5 24. Bf4 e3 25. Bxe3 {[%emt 0:02:45] The position is equal.} Bxg2 26. Kxg2 Qe4+ 27. Kg1 h4 28. Bg5 $1 ({Don't blunder} 28. Qb1 $2 Qg4 29. Kh1 hxg3 $19) 28... Be7 29. Bxe7 Rxe7 30. Qf4 {[%emt 0:00:53] Black must now prevent Qxe4.} hxg3 31. hxg3 {[%emt 0:00:23] Hoping for Qxe4.} Qxf4 32. gxf4 Rxd4 $11 {[%emt 0:00:03] KRR-KRR} 33. e3 Rd2 34. Red1 Red7 35. Rxd2 Rxd2 36. Rc1 Rd3 37. Rxc7 {[%emt 0:00:32] Weighted Error Value: White=0.05 (flawless) /Black=0.08 (flawless)} 1/2-1/2

[Event "24th Hoogeschool Zeeland 2022"]
[Site "Vlissingen"]
[Date "2022.08.09"]
[Round "5.3"]
[White "Ponomariov, Ruslan"]
[Black "Royal, Shreyas"]
[Result "1-0"]
[ECO "C88"]
[WhiteElo "2642"]
[BlackElo "2353"]
[Annotator "TA"]
[PlyCount "81"]
[EventDate "2022.08.05"]
[EventType "swiss"]
[EventCountry "NED"]
[SourceTitle "playchess.com"]
[Source "ChessBase"]
[SourceQuality "1"]
[TimeControl "40/5400+30:1800+30"]

1. e4 e5 2. Nf3 Nc6 3. Bb5 a6 4. Ba4 Nf6 5. O-O Be7 6. Re1 b5 7. Bb3 d6 8. a4 b4 9. c3 O-O 10. d3 Rb8 11. Nbd2 Be6 12. Bxe6 {[%emt 0:05:34] C88: Closed Ruy Lopez: Anti-Marshall Systems.} fxe6 13. Nc4 $5 {[%emt 0:02:25][%mdl 4] Leaves trodden paths.} bxc3 14. bxc3 {[%emt 0:00:40] [#] White is slightly better.} Qe8 $146 ({Predecessor:} 14... h6 15. a5 Qe8 16. d4 exd4 17. cxd4 Qg6 18. d5 Nd8 19. dxe6 Nxe6 20. e5 dxe5 21. Ncxe5 {1-0 (38) Golubev,M (2461)-Brett,A (2085) Chess.com INT 2022}) 15. Bd2 Qg6 16. Qe2 Nh5 17. Rab1 Bf6 18. Rxb8 (18. h3 {with more complications.} h6 19. Rxb8 Rxb8 20. Kh2) 18... Rxb8 19. g3 Rf8 20. Kg2 Bd8 {[%emt 0:05:05] Black is now going downhill.} ({Black should play} 20... Rb8 $14) 21. d4 $16 Bf6 22. dxe5 dxe5 {[%emt 0:00:08] [#]} (22... Nxe5 $16 23. Ncxe5 Bxe5) 23. Nb2 $1 $18 Nf4+ 24. Bxf4 exf4 25. e5 Bd8 (25... Be7 $16) 26. Qxa6 Ne7 27. Qd3 ({White should try} 27. Nd4 $18) 27... Nf5 (27... Qe8 $16 {was necessary.} 28. a5 fxg3) 28. Qc4 fxg3 29. hxg3 h5 30. Nd3 {[%emt 0:01:32] [#] And now a5 would win.} Qf7 31. Qe4 {[%emt 0:04:01] Prevents h4.} h4 32. g4 ({Stronger than} 32. Nxh4 Bxh4 33. gxh4 Nxh4+ 34. Qxh4 Qf3+ 35. Kg1 Qxd3 $11) ({Weaker is} 32. gxh4 Qg6+ 33. Kh3 Bxh4 34. Nxh4 Nxh4 35. Qxg6 (35. Qxh4 $2 Qxd3+ 36. Kh2 Qd2 $17) (35. Kxh4 Rf5 $17) 35... Nxg6 $16) 32... h3+ 33. Kxh3 Nd6 34. exd6 Qxf3+ 35. Kh2 cxd6 36. Qxe6+ Rf7 (36... Qf7 $142 37. Kg1 Bh4) 37. Re3 ({Don't blunder} 37. Qxd6 $2 Bc7 38. Qxc7 Rxc7 $19) 37... Qd1 (37... Qf6 38. Qe8+ Rf8) 38. Qc8 (38. Qc4 $142 g6 39. Re8+ Kg7 40. Rxd8) 38... Rf8 39. Qc4+ {[%emt 0:00:07] White mates.} Kh7 40. Rh3+ Kg6 41. Qe6+ {[%emt 0:31:01] Weighted Error Value: White=0.14 (very precise) /Black=0.38} 1-0

[Event "24th Hoogeschool Zeeland 2022"]
[Site "Vlissingen"]
[Date "2022.08.09"]
[Round "5.4"]
[White "Klepke, Ricardo"]
[Black "Baklan, Vladimir"]
[Result "0-1"]
[ECO "A62"]
[WhiteElo "2293"]
[BlackElo "2589"]
[Annotator "TA"]
[PlyCount "110"]
[EventDate "2022.08.05"]
[EventType "swiss"]
[EventCountry "NED"]
[SourceTitle "playchess.com"]
[Source "ChessBase"]
[SourceQuality "1"]
[TimeControl "40/5400+30:1800+30"]

1. d4 Nf6 2. c4 e6 3. g3 c5 4. d5 d6 5. Nc3 exd5 6. cxd5 g6 7. Bg2 Bg7 8. Nf3 O-O 9. O-O Nbd7 10. Nd2 Nh5 {[%emt 0:00:51] [#] A62: Modern Benoni: Fianchetto Variation without early ...Nbd7.} 11. Qb3 $146 ({Predecessor:} 11. Nb5 Ndf6 12. a4 a6 13. Nc3 Ng4 14. h3 Ne5 15. Nf3 Nxf3+ 16. exf3 f5 17. f4 Bd7 18. a5 {½-½ (29) Peng,X (2467)-Perunovic,M (2597) Paracin 2019}) 11... Qe7 12. e4 Ne5 {[%emt 0:04:58] The position is equal.} 13. a4 Kh8 (13... Re8 $11) 14. h3 (14. f4 $14 Nd3 15. Nb5 Nxc1 16. Raxc1 (16. Rfxc1 a6 $11)) 14... f5 15. exf5 gxf5 (15... Bxf5 $11 16. Nde4 h6) 16. f4 $2 (16. Qd1 $14 {keeps the upper hand.} Nf6 17. f4) 16... Nd3 {[%emt 0:06:09] ...Qe3+ is the strong threat.} 17. Kh2 Rg8 {[%emt 0:03:14] Black is more active.} (17... Qe3 18. Rf3 Nxc1 19. Rxe3 $14) 18. Nb5 Nxc1 19. Raxc1 a6 $1 (19... Qe2 $2 20. Nc4 (20. Nxd6 Bd4 $16) 20... Bh6 21. Qc3+ Bg7 22. Qf3 Qxf3 23. Bxf3 Nxg3 24. Kxg3 $18) 20. Na3 {[%emt 0:08:48] [#]} (20. Rfe1 $15 Qd7 21. Na3) 20... b5 (20... Bf6 $142 $1 21. Rf3 Bd7) 21. Rfe1 ({Better is} 21. axb5 axb5 22. Rce1) 21... Qf8 {[%emt 0:10:12] aiming for ...Bh6.} 22. Nf1 c4 (22... Bf6 $142 23. Ra1 Bd7 24. axb5 axb5) 23. Qc2 $17 {[%emt 0:01:44] [#]} Bd7 $1 24. Bf3 Nf6 25. Ne3 Ne4 $1 26. Bxe4 fxe4 27. b3 $2 {[%emt 0:00:19][%mdl 8192] Loses the game.} (27. Rb1 $17 {is a better defense.}) 27... Bd4 $19 {[%emt 0:03:15] Strongly threatening ...Qh6. A strong pair of Bishops.} (27... cxb3 $2 28. Qxb3 Bf6 29. g4 $19) 28. Rcd1 {[%emt 0:05:08] [#]} Qh6 $1 29. Qg2 Rxg3 30. Qxg3 Rg8 31. Qxg8+ Kxg8 {[%emt 0:00:03] The board is on fire.} 32. Rxd4 Qxh3+ 33. Kg1 Qg3+ $40 {[%emt 0:00:50][%mdl 128] Black has strong attack.} ({Not} 33... bxa4 34. Naxc4 (34. Re2 cxb3 35. Rb4 Kf7 $17) 34... Qg3+ 35. Ng2 $14) (33... cxb3 34. axb5 Bg4 35. b6 $11 (35. bxa6 Bf3 $11) (35. Rxe4 Qg3+ 36. Ng2 Bf3 $11)) 34. Kf1 $2 (34. Ng2 Qxb3 35. axb5 axb5 36. Nxc4 bxc4 37. Rdxe4) 34... Qxf4+ 35. Ke2 Qh2+ (35... Qf3+ $142 36. Kd2 Qf2+ 37. Re2 c3+ 38. Kxc3 Qxe2) 36. Kd1 Qb2 ({Worse is} 36... cxb3 37. Rxe4 h6 38. Rf1 $11) 37. Nac2 (37. Rxe4 {was the only defense.} Qxa3 38. Ke2 Qb2+ 39. Kf3 cxb3 40. axb5 axb5 41. Rh1) 37... cxb3 38. axb5 axb5 ({Wrong is} 38... bxc2+ $2 39. Nxc2 Bg4+ 40. Kd2 $19) 39. Rxe4 (39. Rb4 $142 Qc3 40. Kc1) 39... bxc2+ 40. Nxc2 Bf5 41. Re8+ Kf7 42. R8e7+ Kf6 43. Rc7 b4 44. Rf1 Kg5 45. Rg1+ Bg4+ 46. Rxg4+ Kxg4 {[%emt 0:00:12][%mdl 4096] Endgame KQ-KRN} 47. Rc4+ Kg3 48. Rxb4 Qc3 {[%emt 0:00:28] Threatens to win with ...h5.} 49. Rd4 h5 {[%emt 0:00:39] ( -> ...h4)} 50. Rd2 h4 {[%emt 0:00:39] Black mates.} 51. Nd4 Qa1+ 52. Ke2 h3 53. Ke3 Qc3+ 54. Rd3 {[%emt 0:00:40] [#]} Qxd3+ $3 55. Kxd3 h2 {[%emt 0:00:02] Weighted Error Value: White=0.96/Black=0.27 (precise)} (55... Kg4 $142 56. Nb5 h2 57. Nxd6 h1=Q 58. Kd4 Kf4 59. Nc4 Qg1+ 60. Kd3 Qd1+ 61. Nd2 Ke5 62. d6 Kxd6 63. Ke3 Qe1+ 64. Kd3 Kd5 65. Kc2 Qg3 66. Nb3 Qc7+ 67. Kb2 Kc4 68. Kc2 Qh2+ 69. Nd2+ Kd4 70. Kc1 Kd3 71. Kb2 Qxd2+ 72. Kb3 Qf4 73. Ka2 Qb8 74. Ka3 Kc3 75. Ka4 Qb4#) 0-1

[Event "24th Hoogeschool Zeeland 2022"]
[Site "Vlissingen"]
[Date "2022.08.09"]
[Round "5.5"]
[White "Beerdsen, Thomas"]
[Black "De Jong, Tom"]
[Result "1/2-1/2"]
[ECO "C10"]
[WhiteElo "2500"]
[BlackElo "2203"]
[Annotator "TA"]
[PlyCount "61"]
[EventDate "2022.08.05"]
[EventType "swiss"]
[EventCountry "NED"]
[SourceTitle "playchess.com"]
[Source "ChessBase"]
[SourceQuality "1"]
[TimeControl "40/5400+30:1800+30"]

1. e4 {[%emt 0:00:04] Finkel,A} e6 2. d4 d5 3. Nc3 dxe4 4. Nxe4 Nd7 5. Nf3 Ngf6 6. Bg5 h6 7. Nxf6+ Nxf6 8. Bxf6 Qxf6 9. Bd3 Bd6 {[%emt 0:07:10] 9...Bd7 is more fashionable.} 10. Qe2 Bd7 11. O-O {[%emt 0:07:06] C10: French with 3 Nc3: Unusual Black 3rd moves and 3...dxe4.} O-O-O 12. Be4 (12. b4 $14) 12... g5 $11 {[%emt 0:04:55] [#]} 13. Rad1 $146 ({Predecessor:} 13. c4 g4 14. Ne5 Bxe5 15. dxe5 Qg5 16. f4 gxf3 17. Rxf3 Be8 18. Re3 h5 19. c5 {½-½ (49) Bruzon Batista,L (2677)-Akobian,V (2600) Merida 2005 CBM 111 [Finkel,A]}) 13... c6 14. g3 h5 15. Qe3 Rdg8 16. Ne5 Be8 17. Rfe1 g4 18. c4 h4 19. Bg2 Rh5 20. c5 Bc7 21. b4 {[%emt 0:06:17][%cal Ob4b5] [#] aiming for b5!} Rgg5 (21... Qh6 $11 {keeps the balance.}) 22. Nc4 ({White should play} 22. Qa3 $16 {Strongly threatening b5.} h3 23. f4 gxf3 24. Bxf3 (24. Qxf3 $2 Rf5 $19)) 22... Qh8 (22... Rh8 $11) 23. b5 ({Better is} 23. gxh4 $16 Rf5 24. Nd6+ Kb8 25. Nxf5 Rxf5 26. h3 (26. Be4 Rf6 $11)) 23... hxg3 $1 24. hxg3 {[%emt 0:00:13] [#]} (24. fxg3 $11 {remains equal.} Rxh2 25. Qxg5 Rxg2+ 26. Kxg2 Qh3+ 27. Kg1 Qxg3+ 28. Kf1 Qh3+ 29. Kf2 Qg3+ 30. Kf1 Qh3+ 31. Kf2 Qg3+ 32. Kf1) 24... Rh2 $1 25. Qxg5 {[%emt 0:01:01] Really sharp! Active counter play!} Rxg2+ $1 26. Kxg2 Qh3+ 27. Kg1 Bxg3 $1 {[%emt 0:00:08] The position is equal.} 28. Nd6+ Kd7 $1 29. bxc6+ bxc6 {[%emt 0:00:21] ( -> ...Qh2+)} 30. fxg3 Qxg3+ 31. Kf1 {[%emt 0:00:07] Weighted Error Value: White=0.27 (precise) /Black=0.28 (precise)} 1/2-1/2

[Event "24th Hoogeschool Zeeland 2022"]
[Site "Vlissingen"]
[Date "2022.08.09"]
[Round "5.6"]
[White "Jeanne, Mickael"]
[Black "Schoppen, Casper"]
[Result "1/2-1/2"]
[ECO "D43"]
[WhiteElo "2145"]
[BlackElo "2507"]
[Annotator "TA"]
[PlyCount "93"]
[EventDate "2022.08.05"]
[EventType "swiss"]
[EventCountry "NED"]
[SourceTitle "playchess.com"]
[Source "ChessBase"]
[SourceQuality "1"]
[TimeControl "40/5400+30:1800+30"]

1. Nf3 d5 2. d4 Nf6 3. c4 e6 4. Nc3 c6 5. Bg5 h6 6. Bxf6 Qxf6 7. g3 Nd7 8. Bg2 dxc4 9. O-O g6 {[%emt 0:13:02] D43: Semi-Slav: 5 Bg5 h6.} 10. e3 Bg7 11. Nd2 O-O {[%emt 0:04:47] The position is equal.} 12. Nxc4 Qe7 {[%emt 0:00:10] [#]} 13. a4 $146 ({Predecessor:} 13. Rc1 Nb6 14. Qb3 Nxc4 15. Qxc4 Bd7 16. Rfd1 Rfd8 17. e4 Rac8 18. e5 c5 19. f4 {½-½ (42) Citak,S (2310)-Tissir,M (2482) Gibraltar 2007}) 13... Rd8 14. Qb3 Rb8 (14... e5 $5 ) 15. Rfd1 h5 16. a5 e5 17. d5 $1 cxd5 (17... Nc5 $14 18. Qa3 cxd5) 18. Nxd5 $16 ({Don't take} 18. Bxd5 Nc5 19. Qb4 Bf5 $11) 18... Qf8 19. Qa3 {[%emt 0:04:59] White is much more active.} (19. Qd3 $1 $16) 19... Nc5 $14 20. b4 Ne6 21. b5 Nc5 (21... e4 $11) 22. b6 axb6 23. Ncxb6 {[%emt 0:00:51] Threatens to win with Rac1.} Be6 24. Rac1 Na6 25. Qb3 Rd6 26. Nc4 Rdd8 27. Ncb6 Rd6 $1 28. Nc4 (28. e4 $14) 28... Rc6 29. Ncb6 Rxc1 30. Rxc1 Qd6 31. Qb5 Kh8 32. Nc4 Qd8 33. Ncb6 ({Better is} 33. Rd1 $14) 33... Kg8 (33... Qd6 $1 $11) 34. h4 $36 {[%emt 0:01:10][%mdl 2048] White fights for an advantage.} Qd6 35. Nc4 Qd8 36. Ncb6 (36. Rd1 $16) 36... Kh7 (36... Qd6 $11 {keeps the balance.}) 37. Kh2 f5 38. e4 Qd6 (38... f4 $16 {was worth a try.}) 39. Nc4 {[%emt 0:01:16] Pair of Knights!} Qc5 {[%emt 0:00:56] [#]} 40. Qxc5 Nxc5 41. exf5 Bxf5 (41... gxf5 $16 42. Nxe5 Ne4) 42. Nxe5 Ne6 {[%emt 0:02:46] [#]} (42... Bxe5 $16 43. Rxc5 Bd4 44. Rc7+ Kh8) 43. f4 (43. Nc4 $1 $18) 43... Ra8 $16 44. Ra1 Nc5 45. Nc7 (45. Ra3 $16) 45... Rc8 $1 $14 46. Nb5 {[%emt 0:03:16] Strongly threatening Nd6.} Rd8 {[%emt 0:00:22] Prevents Nd6.} (46... Nd3 $11 {remains equal.}) 47. Ra2 {[%emt 0:00:18] Weighted Error Value: White=0.24 (precise) /Black=0.28 (precise)} 1/2-1/2